 Dungeon Crawl Stone Soup version 0.28-a0-793-g31680bbd8b (webtiles) character file.

Game seed: 3363342714551831395

113 ytrimaz the Skirmisher (level 4, -17/37 HPs)
             Began as a Demonspawn Fighter on Nov 3, 2021.
             Demolished by an orc warrior (20 damage)
             ... on level 3 of the Dungeon.
             The game lasted 00:02:32 (2888 turns).

ytrimaz the Skirmisher (Demonspawn Fighter)         Turns: 2888, Time: 00:02:33

Health: -17/37     AC:  8    Str: 14 (17) XL:     4   Next: 65%
Magic:  4/4        EV:  9    Int:  6 (9)  God:
Gold:   155        SH:  4    Dex: 10 (13) Spells: 3/3 levels left

rFire   . . .      SeeInvis .   a - +0 rapier (elec)
rCold   . . .      Faith    .   c - +0 buckler
rNeg    . . .      Spirit   .   b - +0 scale mail
rPois   .          Reflect  .   (helmet restricted)
rElec   .          Harm     .   (no cloak)
rCorr   .          Rampage  .   (no gloves)
Will    .....                   (no boots)
Stlth   ..........              (no amulet)
HPRegen 0.12/turn               (no ring)
MPRegen 0.09/turn               (no ring)

@: hasted, very quick
A: antennae 1, icy blue scales 1, ignite blood 1
a: no special abilities


You were on level 3 of the Dungeon.
You visited 1 branch of the dungeon, and saw 3 of its levels.

You collected 155 gold pieces.

Inventory:

Hand Weapons
 a - a +0 rapier of electrocution (weapon)
Armour
 b - a +0 scale mail (worn)
 c - a +0 buckler (worn)
Jewellery
 f - a ring of ice
Scrolls
 e - 2 scrolls of fog
 i - 2 scrolls of amnesia


   Skills:
 * Level 3.9 Fighting
 + Level 2.4 Short Blades
 + Level 3.3 Armour
 * Level 1.1 Dodging
 + Level 3.1 Shields


You had 3 spell levels left.
You didn't know any spells.
Your spell library contained the following spells:

 Spells                   Type           Power      Damage    Failure   Level
 Call Canine Familiar     Summ           0%         N/A       100%        3
 Portal Projectile        Hex/Tloc       0%         N/A       100%        3
 Leda's Liquefaction      Hex/Erth       0%         N/A       100%        4


Dungeon Overview and Level Annotations

Branches:
Dungeon (3/15)

Altars:


Innate Abilities, Weirdness & Mutations

You have a pair of small antennae on your head.
You are partially covered in icy blue scales. (AC +2)
Your demonic aura sometimes causes spilled blood to erupt in flames.


Message History

Things that are here:
a +0 dagger; a +0 leather armour; an orc corpse You open the door. 2 orcs and an orc warrior come into view.
The orc warrior shouts!
The orc shouts! x2; You hear a shout!
There are monsters nearby!
There are monsters nearby!
An orc comes into view. It is wielding a +0 hand axe.
The orc shouts!
There is an open door here.
It was a potion of heal wounds.
You feel much better.
You feel yourself speed up.
The orc warrior hits you with a +0 halberd.
You hit the orc warrior but do no damage.
The orc warrior closely misses you.
You barely miss the orc warrior. You barely miss the orc warrior.
You block the orc warrior's attack.
You closely miss the orc warrior.
The orc warrior hits you with a +0 halberd!
You closely miss the orc warrior. The orc warrior closely misses you.
It was a potion of attraction.
You feel attractive to monsters.
You barely miss the orc warrior.
The orc warrior hits you with a +0 halberd!
It was a potion of cancellation.
Your magical effects are unravelling.
You feel magically purged.
You feel yourself slow down.
The orc warrior hits you with a +0 halberd!
* * * LOW HITPOINT WARNING * * *
You feel less attractive to monsters.
Unknown command.
It was a potion of degeneration.
There was something very wrong with that liquid.
You feel weakened.
You feel dopey.
You feel clumsy. The orc warrior closely misses you.
You feel yourself speed up.
The orc warrior hits you with a +0 halberd!!
Ouch! That really hurt!
You die...

.....##. ..........# #...#.#
.....# ..........#...#..#.#####
.....# ..........#...#.........
.....# ..........#...##.#.#####
.....# ..........#...##.#.#
.....# .......oo......#...#
.....# #o###....##..## .....# #o#
#....##...# .....# #######@#
#.....†#..# ###### #.....#.#
#......#..# #.....#.#
#......##.#### ##########.....#.#
#....#........
#.#.#.#.#......#.###....#........
)#.#.#.#.#.........#....#........
#.###.###..).......#....#........
.#.#.#.#.#†........#....#.....>..
# #.# #.#..........#....#........


You could see an orc warrior and 3 orcs.

Vanquished Creatures
  Robin (D:2)
  A gnoll (D:1)
  2 adders (D:3)
  A worm (D:3)
  3 dart slugs
  4 orcs (D:3)
  4 ball pythons
  6 bats
  4 endoplasms
  4 giant cockroaches
  8 goblins
  4 hobgoblins
  2 jackals (D:2)
  3 quokkas
  3 frilled lizards
  6 kobolds
  A rat (D:1)
57 creatures vanquished.

Notes
Turn   | Place    | Note
-------+----------+-------------------------------------------
     0 | D:1      | ytrimaz the Demonspawn Fighter began the quest for the Orb.
     0 | D:1      | Reached XP level 1. HP: 18/18 MP: 1/1
    27 | D:1      | Gained mutation: You have a pair of small antennae on your
                  | head. [demonic ancestry]
    27 | D:1      | Reached XP level 2. HP: 6/24 MP: 2/2
   506 | D:1      | Gained mutation: Your demonic aura sometimes causes spilled
                  | blood to erupt in flames. [demonic ancestry]
   506 | D:1      | Reached XP level 3. HP: 29/29 MP: 3/3
   816 | D:1      | Found a faded altar of an unknown god.
  1693 | D:2      | Noticed Robin
  1706 | D:2      | Killed Robin
  1712 | D:2      | Gained mutation: You are partially covered in icy blue
                  | scales. (AC +2) [demonic ancestry]
  1712 | D:2      | Reached XP level 4. HP: 7/37 MP: 4/4
  2513 | D:3      | Reached skill level 1 in Dodging
  2871 | D:3      | Noticed an orc warrior
  2888 | D:3      | Demolished by an orc warrior

Illustrated notes

Levels and vault maps discovered:
D:1:      grunt_arrival_crossed_arrows, layout_basic,
          chequers_ecumenical_altar_twisty, minmay_pentomino_v2
D:2:      layout_loops_ring, uniq_robin
D:3:      layout_basic, roderic_roman_lattice, st_stairs_2

Skill      XL: |  1  2  3  4 |
---------------+-------------+-----
Armour         | 3 |  3.3
Short Blades   | 2 |  2.4
Shields        | 3 |  3.1
Dodging        | 1 |  1.1
Fighting       | |  3.9

Action                   |  1- 3 |  4- 6 || total
-------------------------+-------+-------++-------
Melee: Rapier            |   100 |    48 ||   148
  Use: Potion            |     1 |     6 ||     7
       Scroll            |     3 |     1 ||     4
Armor: Scale mail        |    45 |    14 ||    59
Dodge: Dodged            |    51 |    22 ||    73
Block: Buckler           |    27 |     5 ||    32

Table legend: (Time is in decaauts)
 A = Elapsed time spent in this place.
 B = Non-inter-level travel time spent in this place.
 C = Inter-level travel time spent in this place.
 D = Time resting spent in this place.
 E = Time spent auto-exploring this place.
 F = Levels seen in this place.
 G = Mean time per level.
                   A        B        C        D        E       F      G
               +--------+--------+--------+--------+--------+-----+--------+
         Total |   2904 |   2765 |    139 |    243 |   2121 |   3 |  968.0 |
       Dungeon |   2904 |   2765 |    139 |    243 |   2121 |   3 |  968.0 |
               +--------+--------+--------+--------+--------+-----+--------+

Top non-repeatable levels by time:
     D:1: 1366 daAuts
     D:2: 974 daAuts
     D:3: 563 daAuts
